 Dungeon Crawl Stone Soup version 0.21-a0-516-gaaff437 (webtiles) character file.

16 Laiders the Insei (level 2, -2/21 HPs)
             Began as a Merfolk Transmuter on Dec 3, 2017.
             Slain by a gnoll
             ... wielding a +0 spear
              (7 damage)
             ... on level 1 of the Dungeon.
             The game lasted 00:01:34 (733 turns).

Laiders the Insei (Merfolk Transmuter)               Turns: 733, Time: 00:01:34

Health: -2/21      AC:  2    Str: 10    XL:     2   Next: 58%
Magic:  5/5        EV: 13    Int: 12    God:
Gold:   15         SH:  0    Dex: 14    Spells: 4/5 levels left

rFire    . . .     SeeInvis .     - Unarmed
rCold    . . .     Gourm    .   (no shield)
rNeg     . . .     Faith    .   b - +0 robe
rPois    .         Spirit   .   (no helmet)
rElec    .         Reflect  .   (no cloak)
rCorr    .         Harm     .   (no gloves)
MR       .....                  (no boots)
Stlth    +.........             (no amulet)
HPRegen  0.07/turn              (no ring)
MPRegen  0.09/turn              (no ring)

@: no status effects
A: change form in water, swift swim, stealthy swim
a: no special abilities


You were on level 1 of the Dungeon.
You were not hungry.

You visited 1 branch of the dungeon, and saw 1 of its levels.

You collected 15 gold pieces.

Inventory:

Missiles
 a - 12 arrows
Armour
 b - a +0 robe (worn)
Scrolls
 e - 4 scrolls of immolation {unknown}
Books
 c - a book of Changes

   Spells                             Type                      Level
   a - Beastly Appendage              Transmutation                1
   b - Sticks to Snakes               Transmutation                2
   c - Spider Form                    Transmutation/Poison         3
   d - Ice Form                       Ice/Transmutation            4
   e - Blade Hands                    Transmutation                5
Comestibles
 d - a bread ration
 f - a chunk of flesh


   Skills:
 - Level 1.1 Fighting
 - Level 2.6 Dodging
 + Level 3.6 Unarmed Combat
 + Level 2.3 Spellcasting
 + Level 3.3 Transmutations


You had 4 spell levels left.
You knew the following spells:

 Your Spells              Type           Power        Failure   Level  Hunger
a - Beastly Appendage     Tmut           #.....       7%          1    ##.....


Dungeon Overview and Level Annotations

Branches:
Dungeon (1/15)

Altars:


Message History

You see here a mace.
A gnoll comes into view. It is wielding a spear.
The gnoll shouts!
A bat comes into view.
The bat completely misses you. The gnoll hits you with a spear.
Found a knobbly copper ring.
You hit the gnoll.
The gnoll is moderately wounded.
The bat closely misses you. The gnoll hits you with a spear.
You closely miss the gnoll.
The gnoll is moderately wounded.
The bat hits you. The gnoll completely misses you.
You hit the gnoll.
The gnoll is heavily wounded.
The bat barely misses you. The gnoll hits you with a spear!
* * * LOW HITPOINT WARNING * * *
You barely miss the gnoll.
The gnoll is heavily wounded.
The bat hits you but does no damage. The gnoll hits you with a spear!
You die...

.### #..)....#
...## #.......#
.#..# #.......#
.##.######.......#
###..).).........#
.##.######.......#
#.#.###.......)..#
8.#...#.##.......##
≈.[.#....#......@.#
8.#...##(#......gb#
#.#.### .>###......
.##.# ##..
#.....$.. # #.#
........... ..#
##.........= ###
#..........
#.......###


You could see a gnoll and a bat.

Vanquished Creatures
  A leopard gecko (D:1)
  2 giant cockroaches (D:1)
  3 goblins (D:1)
  3 hobgoblins (D:1)
  4 bats (D:1)
  A rat (D:1)
14 creatures vanquished.

Notes
Turn   | Place    | Note
-------+----------+-------------------------------------------
     0 | D:1      | Laiders the Merfolk Transmuter began the quest for the Orb.
     0 | D:1      | Reached XP level 1. HP: 15/15 MP: 3/3
   358 | D:1      | Reached XP level 2. HP: 17/21 MP: 5/5
   733 | D:1      | Slain by a gnoll

Vault maps used:
D:1:      lightli_arrival_statue_moat, minmay_shallow_snake_nest

Skill      XL: |  1 |
---------------+----+-----
Transmutations | 3 |  3.3
Fighting       | |  1.1
Dodging        | |  2.6
Unarmed Combat | |  3.6
Spellcasting   | |  2.3

Action                   || total
-------------------------++-------
Melee: Unarmed           ||    65
       Headbutt          ||     2
       Punch             ||     1
 Cast: Beastly Appendage ||     2
Armor: Robe              ||    22
Dodge: Dodged            ||    65

Table legend:
 A = Spawn XP
 B = Non-spawn XP
 C = Spawn XP percentage of total XP
 D = Spawn monster count
 E = Non-spawn monster count
 F = Spawn count percentage of total count
 G = Total turns spent on level
                    A         B        C        D         E        F      G
               +---------+---------+-------+---------+---------+-------+---------
         Total |       0 |      24 |   0.0 |       0 |      14 |   0.0 |   733
               +---------+---------+-------+---------+---------+-------+---------
           D:1 |       0 |      24 |   0.0 |       0 |      14 |   0.0 |   733
               +---------+---------+-------+---------+---------+-------+---------
